 Dungeon Sprint DCSS version 0.29.1-2-gbd0b4ee654 (webtiles) character file.

Game seed: 9481486641868184524

216 Zeld the Thaumaturge (level 5, -3/28 HPs)
             Began as a Deep Elf Conjurer on Nov 2, 2022.
             Was an Elder of Sif Muna.
             Slain by a flayed ghost (12 damage)
             ... in the Dungeon (Sprint VII: "The Pits").
             The game lasted 00:02:20 (1864 turns).

Zeld the Thaumaturge (Deep Elf Conjurer)            Turns: 1864, Time: 00:02:21

Health: -3/28      AC:  2    Str:  4    XL:     5   Next: 61%
Magic:  16/18      EV: 14    Int: 25    God:    Sif Muna [****..]
Gold:   0          SH:  0    Dex: 13    Spells: 11/22 levels left

rFire   . . .      SeeInvis .   (no weapon)
rCold   . . .      Faith    .   (no shield)
rNeg    . . .      Spirit   .   a - +0 robe
rPois   .          Reflect  .   (no helmet)
rElec   .          Harm     .   (no cloak)
rCorr   .          Rampage  .   (no gloves)
Will    .....      NoTele   +   (no boots)
Stlth   +++.......              (no amulet)
HPRegen 0.09/turn               (no ring)
MPRegen 0.16/turn               (no ring)

@: no status effects
A: no striking features
a: Renounce Religion, Channel Magic, Forget Spell, Divine Exegesis


You were in the Dungeon.
You worshipped Sif Muna.
Sif Muna was greatly pleased with you.
You visited 1 branch

Inventory:

Armour
 a - a +0 robe (worn)
Scrolls
 g - a scroll of blinking
 i - 5 scrolls of amnesia
 j - a scroll of summoning
Potions
 b - 3 potions of magic
 c - 6 potions of curing
 d - 6 potions of heal wounds
 e - a potion of haste
 f - 3 potions of berserk rage
 h - 2 potions of invisibility


   Skills:
 + Level 6.1 Dodging
 + Level 6.7 Stealth
 * Level 9.4 Spellcasting
 * Level 8.6 Conjurations


You had 11 spell levels left.
You knew the following spells:

 Your Spells              Type           Power      Damage    Failure   Level
a - Magic Dart            Conj           100%       1d8       1%          1
b - Searing Ray           Conj           100%       2d8       1%          2
c - Fulminant Prism       Conj/Hex       16%        3d11      9%          4
d - Iskenderun's Mystic   Conj/Tloc      33%        2d8       9%          4

Your spell library contained the following spells:

 Spells                   Type           Power      Damage    Failure   Level
 Dazzling Flash           Conj/Hex       66%        N/A       2%          3


Dungeon Overview and Level Annotations

Branches:
Dungeon (1/1)

Altars:
Ashenzari
Cheibriados
Dithmenos
Elyvilon
Fedhas
Gozag
Hepliaklqana
Kikubaaqudgha
Makhleb
Nemelex Xobeh
Okawaru
Qazlal
Ru
Sif Muna
Trog
Uskayaw
Vehumet
Wu Jian
Xom
Yredelemnul
Zin
The Shining One
Jiyva
Lugonu


Message History

As you open the door, it creaks loudly!
A flayed ghost comes into view.
Casting: Searing Ray (safe; 1% risk of failure)
Confirm with . or Enter, or press ? or * to list all spells.
The spell is quite dangerous to miscast (9% risk of failure)!
Continue anyway?
You erupt in a blast of force!
The mystic blast hits the flayed ghost.
The flayed ghost is lightly damaged.
The flayed ghost hits you!!
Ouch! That really hurt!
Unknown command.
Casting: Iskenderun's Mystic Blast (quite dangerous; 9% risk of failure)
Confirm with . or Enter, or press ? or * to list all spells.
The spell is quite dangerous to miscast (9% risk of failure)!
Continue anyway?
You erupt in a blast of force!
The mystic blast hits the flayed ghost!
The flayed ghost is moderately damaged.
The flayed ghost is knocked back by the mystic blast.
Unknown command.
Casting: Iskenderun's Mystic Blast (quite dangerous; 9% risk of failure)
Confirm with . or Enter, or press ? or * to list all spells.
The spell is quite dangerous to miscast (9% risk of failure)!
Continue anyway?
You erupt in a blast of force!
The mystic blast hits the flayed ghost.
The flayed ghost is moderately damaged.
The flayed ghost is knocked back by the mystic blast.
Unknown command.
Unknown command.
Casting: Iskenderun's Mystic Blast (quite dangerous; 9% risk of failure)
Confirm with . or Enter, or press ? or * to list all spells.
The spell is quite dangerous to miscast (9% risk of failure)!
Continue anyway?
Okay, then.
Magic courses through your body.
Casting: Iskenderun's Mystic Blast (quite dangerous; 9% risk of failure)
Confirm with . or Enter, or press ? or * to list all spells.
Aiming: Searing Ray (safe; 1% risk of failure)
Press: ? - help, Shift-Dir - straight line, f - flayed ghost
Aim: a flayed ghost (moderately damaged, 74% to hit)
The searing ray hits the flayed ghost!
The flayed ghost is severely damaged. (Press . to maintain the ray.)
The flayed ghost hits you!
You die...

#.#........##.......#
#'###########.......#
#.......# #########
#.......# #...#...#
#..###..#+#
#...#...#.+
#.......#W#
#.......'@#
###########


You could see a flayed ghost.

Vanquished Creatures
  A kobold brigand (D)
  A gnoll bouda (D)
  An iguana (D)
  4 gnolls (D)
  An adder (D)
  2 river rats (D)
  An ufetubus (D)
  2 worms (D)
  An orc (D)
  A hobgoblin (D)
  4 quokkas (D)
  A quokka zombie (D)
20 creatures vanquished.

Notes
Turn   | Place    | Note
-------+----------+-------------------------------------------
     0 | D        | Zeld the Deep Elf Conjurer began the quest for the Orb.
     0 | D        | Reached XP level 1. HP: 10/10 MP: 6/6
   237 | D        | Found a bloodstained altar of Trog.
   237 | D        | Found a shimmering blue altar of Sif Muna.
   237 | D        | Found a viscous altar of Jiyva.
   237 | D        | Found a hazy altar of Hepliaklqana.
   237 | D        | Found an opulent altar of Gozag.
   238 | D        | Found a glowing golden altar of the Shining One.
   238 | D        | Found a glowing silver altar of Zin.
   238 | D        | Found a basalt altar of Yredelemnul.
   238 | D        | Found a shimmering altar of Xom.
   238 | D        | Found an ornate altar of the Wu Jian Council.
   238 | D        | Found a sacrificial altar of Ru.
   238 | D        | Found a stormy altar of Qazlal.
   238 | D        | Found an iron altar of Okawaru.
   238 | D        | Found a sparkling altar of Nemelex Xobeh.
   238 | D        | Found a burning altar of Makhleb.
   238 | D        | Found a blossoming altar of Fedhas.
   238 | D        | Found a white marble altar of Elyvilon.
   238 | D        | Found a shadowy altar of Dithmenos.
   238 | D        | Found a snail-covered altar of Cheibriados.
   239 | D        | Found a radiant altar of Vehumet.
   239 | D        | Found a corrupted altar of Lugonu.
   240 | D        | Found an ancient bone altar of Kikubaaqudgha.
   240 | D        | Found a hide-covered altar of Uskayaw.
   240 | D        | Found a broken altar of Ashenzari.
   241 | D        | Became a worshipper of Sif Muna the Loreminder
   456 | D        | Reached * piety under Sif Muna
   457 | D        | Reached skill level 4 in Spellcasting
   565 | D        | Reached skill level 5 in Conjurations
   733 | D        | Reached XP level 2. HP: 15/15 MP: 5/9
   736 | D        | Reached ** piety under Sif Muna
   908 | D        | Reached skill level 5 in Spellcasting
   925 | D        | Reached XP level 3. HP: 3/19 MP: 9/12
   928 | D        | Learned a level 2 spell: Searing Ray
  1234 | D        | Noticed a kobold brigand
  1246 | D        | Reached skill level 6 in Spellcasting
  1249 | D        | Reached XP level 4. HP: 24/24 MP: 5/14
  1250 | D        | Reached *** piety under Sif Muna
  1251 | D        | Reached skill level 5 in Stealth
  1251 | D        | Reached skill level 7 in Spellcasting
  1301 | D        | Reached skill level 5 in Dodging
  1313 | D        | Reached **** piety under Sif Muna
  1314 | D        | Reached skill level 8 in Spellcasting
  1428 | D        | Killed a kobold brigand
  1429 | D        | Reached skill level 9 in Spellcasting
  1429 | D        | Reached XP level 5. HP: 19/28 MP: 8/18
  1491 | D        | Learned a level 4 spell: Fulminant Prism
  1496 | D        | Learned a level 4 spell: Iskenderun's Mystic Blast
  1859 | D        | Noticed a flayed ghost
  1864 | D        | Slain by a flayed ghost

Illustrated notes

Levels and vault maps discovered:
D:        pitsprint [storerooms_1, entrance_room_1, metal_vault_5, armoury_1,
          mini_pit_1, grid_room_1, main_hall_1, silver_pit, the_coven_1,
          the_vestibule_1, steel_vault_3, golden_pit, hallway_of_sentries,
          crystal_vault_1, iron_vault_2, final_vault]

Skill      XL: |  1  2  3  4 |
---------------+-------------+-----
Stealth        | 3 4 6 |  6.7
Spellcasting   | 4 5 6 9 |  9.4
Dodging        | 3 4 6 |  6.1
Conjurations   | 5 6 8 |  8.6

Action                   |  1- 3 |  4- 6 || total
-------------------------+-------+-------++-------
Melee: Unarmed           |     6 |       ||     6
 Cast: Magic Dart        |    36 |     3 ||    39
       Searing Ray       |     2 |     8 ||    10
       Iskenderun's Myst |       |     3 ||     3
  Use: Potion            |     1 |     1 ||     2
Armor: Robe              |     2 |       ||     2
Dodge: Dodged            |    24 |     2 ||    26
